Map: Ruby Rock LE

Players

MMA

  • Race: Terran Terran

DRG - Winner!

  • Race: Zerg Zerg

VOD

Have the link to the VOD?

Description

Time

  • Played on: Jan. 17, 2026, 9:23 p.m.
  • Length: 13:40
Show
View Real Time Build Order
Export as new Build Order

MMA Terran 

Build Orders: Reaper Expand, Hellion Banshee 

Get SALT Encoding   

  12  0:00  SCV  
  13  0:12  SCV  
  14  0:16  Supply Depot  
  14  0:24  SCV  
  15  0:38  SCV  
  15  0:40  Barracks  
  15  0:42  Refinery  
  16  0:50  SCV  
  17  1:02  SCV  
  18  1:14  SCV  
  19  1:27  Reaper, Orbital Command  
  20  1:38  Command Center  
  20  1:49  Supply Depot  
  20  1:52  SCV  
  21  1:58  Marine  
  22  2:03  Factory  
  22  2:05  SCV  
  23  2:16  Refinery  
  23  2:17  SCV  
  23  2:20  Barracks Reactor  
  24  2:29  SCV  
  25  2:41  SCV  
  26  2:48  Starport  
  26  2:50  Orbital Command  
  26  2:53  SCV  
  27  3:05  SCV  
  27  3:08  Hellion x2  
  27  3:09  Barracks Tech Lab  
  32  3:17  SCV  
  32  3:19  SCV  
  34  3:26  Supply Depot  
  34  3:30  Hellion x2, SCV  
  34  3:31  SCV  
  40  3:36  Banshee, Cloaking Field  
  40  3:37  Barracks Tech Lab  
  43  3:42  SCV  
  43  3:43  SCV  
  45  3:49  Supply Depot  
  45  3:51  Hellion x2  
  45  3:55  SCV x2  
  51  3:57  Stimpack, Marine  
  52  4:10  SCV x2  
  52  4:16  Barracks  
  54  4:17  Marine  
  54  4:18  Barracks, Factory Reactor  
  54  4:19  Banshee  
  58  4:26  SCV x2  
  58  4:29  Supply Depot  
  60  4:33  Supply Depot  
  60  4:35  Marine  
  61  4:38  SCV  
  61  4:42  Engineering Bay  
  61  4:44  Refinery  
  62  4:50  SCV  
  63  4:53  SCV  
  63  4:57  Supply Depot, Marine  
  65  5:02  SCV  
  66  5:09  Terran Infantry Weapons Level 1, SCV  
  66  5:11  Supply Depot  
  66  5:12  Starport Reactor, Marine x4  
  66  5:13  Siege Tank  
  74  5:14  SCV  
  74  5:15  Marine  
  74  5:16  Supply Depot  
  76  5:22  SCV  
  76  5:25  Supply Depot  
  76  5:27  SCV  
  78  5:28  Barracks  
  78  5:29  Barracks  
  78  5:38  Marine x2  
  78  5:39  Marine x3  
  78  5:41  Combat Shield  
  83  5:45  Supply Depot  
  83  5:56  Siege Tank, Marine x2, Medivac  
  83  5:57  Marine x2  
  90  6:03  Supply Depot  
  92  6:09  Supply Depot  
  93  6:12  Marauder, Medivac  
  93  6:14  Marine x3  
  99  6:21  Marine x2  
  99  6:22  Marine, Supply Depot  
  99  6:23  Supply Depot  
  102  6:29  Siege Tank  
  102  6:32  Marine x3  
  108  6:33  Marauder  
  108  6:34  Refinery  
  108  6:39  Marine x2  
  111  6:40  Marine  
  111  6:42  Medivac  
  115  6:50  Marine x3  
  118  6:56  Marauder, Marine  
  118  6:58  Marine  
  118  6:59  Concussive Shells  
  122  7:03  Terran Infantry Armor Level 1  
  122  7:08  Marine x3  
  125  7:12  Marine  
  125  7:14  Marine  
  113  7:15  Marine  
  88  7:27  Marine x3, Marauder  
  88  7:28  Siege Tank, Medivac  
  87  7:35  Command Center  
  83  7:39  Marine  
  83  7:42  Barracks Tech Lab  
  83  7:43  Barracks Tech Lab  
  82  7:44  Marine x2  
  80  7:55  Liberator  
  83  8:00  Armory  
  83  8:03  Marauder x3, Marine x4  
  93  8:10  Medivac  
  92  8:20  Marine x3  
  92  8:24  Marauder x3  
  101  8:35  Siege Tank  
  101  8:36  Supply Depot x3  
  101  8:41  Supply Depot, Medivac  
  106  9:00  Marine x3, Marauder x3  
  106  9:01  Marine  
  106  9:07  Siege Tank, Medivac  
  111  9:22  Orbital Command  
  111  9:25  Marine x2  
  111  9:26  Marauder x3, Marine x2  
  121  9:39  Siege Tank  
  121  9:40  Medivac  
  128  9:48  Marine x2, Marauder x2  
  128  9:51  Marauder  
  134  9:54  Marine x2  
  136  10:06  Marine  
  137  10:08  Marine  
  137  10:11  Siege Tank  
  137  10:12  Marine x2  
  143  10:19  Marauder  
  143  10:20  Marauder  
  88  10:21  Medivac x2  
  150  10:24  Marine, Marauder  
  154  10:40  Marine  
  154  10:41  Marauder  
  157  10:44  Marine x2  
  157  10:45  Marine x2  
  157  10:47  Marauder  
  133  10:58  Marine  
  133  11:01  Marine x2  
  133  11:02  Marauder  
  125  11:04  Marine  
  125  11:11  Marine  
  125  11:14  Marauder  
  125  11:20  Marine  
  125  11:27  Marine  
  125  11:28  Marine  
  125  11:29  Marine x2  
  125  11:30  Marine  
  120  11:34  Marine  
  120  11:37  Marine  
  95  11:43  SCV x3  
  95  11:45  Marine  
  95  11:46  Marine  
  78  11:47  Marine, Marauder  
  78  11:48  Marauder  
  78  11:51  Siege Tank  
  86  11:55  SCV x3  
  86  11:56  Marine  
  90  12:03  Marine  
  90  12:04  Marine x2  
  90  12:07  SCV  
  94  12:09  Marauder x2  
  94  12:10  Marauder, SCV x2  
  94  12:14  Marine  
  103  12:18  Medivac x2  
  103  12:19  SCV  
  103  12:21  Marine  
  103  12:22  Marine x2  
  110  12:28  Siege Tank  
  112  12:30  Marauder x2  
  113  12:42  Marine x4  
  113  12:43  Marauder  
  122  12:51  Marauder  
  122  12:57  Supply Depot x2  
  125  12:58  Marauder, Supply Depot  
  92  13:20  Marine x2  
  92  13:21  Marine x2  
Show
View Real Time Build Order
Export as new Build Order

DRG Zerg - Winner!

Build Orders: Hatch First 

Get SALT Encoding   

  12  0:00  Drone  
  13  0:08  Drone  
  14  0:14  Extractor  
  14  0:15  Drone  
  15  0:21  Overlord  
  15  0:39  Drone  
  16  0:45  Hatchery  
  16  0:49  Drone  
  16  0:52  Drone  
  16  0:56  Drone  
  18  1:06  Extractor  
  18  1:11  Spawning Pool  
  16  1:14  Drone  
  16  1:17  Drone  
  18  1:26  Drone  
  19  1:37  Drone  
  20  1:48  Drone  
  21  1:57  Queen x2  
  21  1:58  Zergling x2  
  21  1:59  Zergling x2  
  27  2:08  Overlord  
  27  2:10  Drone  
  27  2:11  Metabolic Boost  
  28  2:27  Drone x2  
  30  2:33  Drone x2  
  30  2:36  Queen  
  33  2:50  Hatchery, Overlord  
  33  2:51  Drone  
  33  2:54  Drone  
  33  2:55  Drone  
  35  3:01  Drone  
  35  3:03  Overlord  
  36  3:09  Drone x3  
  39  3:15  Drone x3  
  39  3:18  Drone  
  44  3:20  Drone  
  44  3:24  Queen  
  46  3:30  Queen  
  46  3:33  Overlord  
  48  3:36  Zergling x2  
  49  3:46  Drone x3  
  52  3:51  Overlord  
  52  3:53  Zergling x4  
  52  3:54  Drone x2  
  56  3:56  Drone  
  56  4:01  Queen  
  59  4:08  Drone x3  
  62  4:14  Drone x2  
  62  4:15  Queen  
  66  4:17  Overlord  
  66  4:19  Zergling x4  
  66  4:22  Drone x2  
  71  4:24  Drone  
  71  4:31  Drone  
  71  4:32  Overlord  
  71  4:34  Drone  
  71  4:38  Drone x2  
  74  4:39  Spore Crawler  
  74  4:40  Spore Crawler  
  74  4:45  Lair  
  72  4:48  Drone  
  72  4:51  Roach Warren, Drone  
  72  4:52  Drone x3  
  76  4:53  Evolution Chamber  
  76  4:54  Drone x2  
  76  4:56  Drone x3  
  76  4:58  Overlord  
  80  5:04  Drone  
  80  5:05  Overlord  
  81  5:08  Extractor x2, Overlord  
  81  5:10  Drone  
  81  5:12  Drone  
  81  5:14  Overlord  
  81  5:17  Drone x2  
  81  5:18  Spore Crawler, Zerg Ground Armor Level 1  
  81  5:19  Drone  
  81  5:20  Drone x2  
  85  5:22  Drone  
  85  5:24  Extractor x2  
  85  5:25  Extractor  
  83  5:30  Overlord  
  83  5:31  Drone x5  
  88  5:36  Roach  
  88  5:42  Hatchery  
  89  5:46  Overlord, Glial Reconstitution  
  89  5:48  Overlord  
  89  5:52  Roach x4  
  89  5:55  Overseer  
  94  6:01  Roach x3  
  100  6:07  Overlord  
  100  6:08  Roach x2  
  104  6:16  Roach  
  104  6:17  Roach x3  
  110  6:20  Drone x2  
  110  6:29  Roach x2  
  110  6:30  Ravager x3  
  110  6:32  Overlord  
  117  6:39  Roach  
  121  6:40  Roach, Ravager  
  122  6:48  Roach x7  
  122  6:52  Ravager  
  122  6:53  Zergling x6  
  140  6:55  Overlord  
  140  6:57  Roach x2  
  144  7:02  Ravager  
  144  7:04  Roach x2  
  149  7:10  Roach  
  149  7:14  Roach x6  
  155  7:20  Roach  
  155  7:21  Roach x3  
  147  7:24  Drone x2  
  147  7:25  Drone  
  147  7:29  Overlord x2  
  145  7:36  Roach x4  
  153  7:39  Drone  
  153  7:40  Drone x2  
  156  7:44  Overlord  
  154  7:53  Ravager  
  154  7:54  Ravager  
  154  7:57  Roach x5  
  154  7:58  Roach x2  
  170  8:04  Zerg Missile Weapons Level 1  
  166  8:06  Roach x5  
  170  8:14  Roach x4  
  170  8:19  Drone x3  
  165  8:21  Evolution Chamber  
  165  8:23  Drone x2  
  165  8:24  Drone x3  
  165  8:25  Drone x2  
  171  8:27  Overlord  
  171  8:33  Overlord  
  171  8:37  Baneling Nest, Ravager x4  
  171  8:38  Infestation Pit  
  175  8:41  Roach x3  
  173  9:05  Zergling x2  
  173  9:06  Zergling x20  
  184  9:15  Hive  
  184  9:25  Hatchery  
  184  9:27  Zergling x12  
  188  9:40  Overlord  
  188  9:41  Zergling x8  
  188  9:42  Centrifugal Hooks  
  191  9:50  Extractor  
  190  9:53  Spore Crawler  
  189  10:07  Zergling x12  
  189  10:12  Ravager x4  
  199  10:30  Adrenal Glands  
  199  10:35  Ultralisk Cavern  
  195  10:45  Viper x2  
  195  10:49  Baneling x13  
  198  10:55  Zergling x10  
  198  10:56  Zergling x12  
  174  11:07  Zergling x46  
  174  11:08  Zergling x10  
  196  11:13  Ravager  
  196  11:14  Ravager x3  
  196  11:18  Zergling x12  
  200  11:24  Zergling x2  
  200  11:25  Zergling x2  
  195  11:32  Zergling x20  
  181  11:39  Zergling x8  
  157  11:43  Zergling x2  
  157  11:44  Zergling x2  
  157  11:47  Chitinous Plating  
  155  11:48  Drone  
  156  11:54  Roach Warren  
  156  11:55  Ultralisk  
  156  11:56  Ultralisk x2, Evolution Chamber  
  156  11:57  Zergling x6, Evolution Chamber  
  174  12:03  Baneling x10  
  174  12:04  Baneling x3  
  174  12:05  Zergling x8  
  178  12:11  Burrow, Extractor  
  178  12:12  Drone  
  178  12:13  Drone  
  180  12:15  Zergling x12  
  180  12:20  Zergling x4  
  180  12:22  Baneling x7  
  182  12:39  Zergling x24  
  194  12:48  Baneling  
  194  12:49  Baneling x3  
  194  12:55  Zergling x2  
  194  12:56  Zergling x10  
  197  13:10  Zergling x16  
  194  13:32  Hatchery  
Tags
 
Add a new tag
Caveats
  • Supply blocks, unpowered buildings, or Contaminate may cause inaccurate times.
  • Supply counts are checked every 10 seconds.